 Dungeon Crawl Stone Soup version 0.21.1-1-g345015f (webtiles) character file.

74 Fortress the Firebug (level 4, -3/34 HPs)
             Began as a Draconian Fire Elementalist on June 7, 2018.
             Slain by an iguana (7 damage)
             ... on level 2 of the Dungeon.
             The game lasted 00:15:24 (2128 turns).

Fortress the Firebug (Draconian Fire Elementalist)  Turns: 2128, Time: 00:15:24

Health: -3/34      AC:  5    Str: 10    XL:     4   Next: 9%
Magic:  2/7        EV: 12    Int: 16    God:
Gold:   99         SH:  0    Dex: 12    Spells: 7/8 levels left

rFire    + . .     SeeInvis .   f - +0 spear
rCold    + . .     Gourm    .   (no shield)
rNeg     . . .     Faith    .   (armour unavailable)
rPois    +         Spirit   .   (helmet restricted)
rElec    +         Reflect  .   (no cloak)
rCorr    +         Harm     .   (no gloves)
MR       .....                  (no boots)
Stlth    ++........             (no amulet)
HPRegen  0.11/turn              (no ring)
MPRegen  0.10/turn              (no ring)

@: resistant
A: unfitting armour, cold-blooded, AC +5
a: no special abilities


You were on level 2 of the Dungeon.
You were not hungry.

You visited 1 branch of the dungeon, and saw 3 of its levels.

You collected 99 gold pieces.

Inventory:

Hand Weapons
 f - a +0 spear (weapon)
 h - a +0 dagger
Missiles
 e - 65 stones (quivered)
 k - 30 arrows
Armour
 i - a +0 buckler of protection
Jewellery
 d - an uncursed ring of ice {unknown}
Scrolls
 g - a scroll of identify {unknown}
 l - 2 scrolls of enchant weapon {unknown}
Potions
 j - a potion of brilliance {unknown}
 m - a potion of haste {unknown}
 n - a potion of curing {unknown}
Books
 a - a book of Flames

   Spells                             Type                      Level
   a - Flame Tongue                   Conjuration/Fire             1
   b - Throw Flame                    Conjuration/Fire             2
   c - Conjure Flame                  Conjuration/Fire             3
   d - Inner Flame                    Hexes/Fire                   3
   e - Sticky Flame                   Conjuration/Fire             4
   f - Fireball                       Conjuration/Fire             5
Comestibles
 b - 4 rations


   Skills:
 + Level 0.6 Fighting
 + Level 0.6 Polearms
 - Level 2.0 Dodging
 - Level 1.7 Stealth
 - Level 0.6 Unarmed Combat
 + Level 2.6 Spellcasting
 + Level 1.7 Conjurations
 + Level 3.7 Fire Magic


You had 7 spell levels left.
You knew the following spells:

 Your Spells              Type           Power        Failure   Level  Hunger
a - Flame Tongue          Conj/Fire      ##...        6%          1    #......


Dungeon Overview and Level Annotations

Branches:
Dungeon (3/15)

Altars:


Innate Abilities, Weirdness & Mutations

Your plain brown scales are hard. (AC +5)
You cannot fit into any form of body armour.
You are cold-blooded and may be slowed by cold attacks.


Message History

You barely miss the iguana.
You tail-slap the iguana, but do no damage.
The iguana is almost dead.
The iguana barely misses you.
You hit the iguana but do no damage.
You tail-slap the iguana, but do no damage.
The iguana is almost dead.
The iguana misses you.
You hit the iguana but do no damage.
The iguana is almost dead.
The iguana bites you but does no damage.
You barely miss the iguana.
The iguana is almost dead.
The iguana bites you! The iguana bites you!
* * * LOW HITPOINT WARNING * * *
It was a potion of resistance.
You feel protected. The iguana bites you!
You die...

##########
#...>†...#########
#.######.#.l...... #.#
#.#@####### #.# #†#.#
#.# #.#.##### #.#
#.......# #.#
###.....#.#
#.####....†..#.#########
#......................
#..###.#.....#####.#.#
#####..###.#######
##....## .


You could see an iguana.

Vanquished Creatures
  Jessica (D:2)
  An adder (D:2)
  A leopard gecko (D:1)
  2 giant cockroaches
  3 goblins (D:1)
  5 hobgoblins
  5 jackals (D:1)
  2 kobolds
  A quokka (D:1)
  4 ball pythons
  A bat (D:2)
  5 frilled lizards
  5 rats
36 creatures vanquished.

Notes
Turn   | Place    | Note
-------+----------+-------------------------------------------
     0 | D:1      | Fortress the Draconian Fire Elementalist began the quest for the Orb.
     0 | D:1      | Reached XP level 1. HP: 14/14 MP: 3/3
   132 | D:1      | Reached XP level 2. HP: 6/20 MP: 0/5
   421 | D:2      | Noticed Jessica
  1757 | D:2      | Reached XP level 3. HP: 25/26 MP: 0/6
  1923 | D:2      | Killed Jessica
  1923 | D:2      | Reached XP level 4. HP: 34/34 MP: 3/7
  2128 | D:2      | Slain by an iguana

Skill      XL: |  1  2 |
---------------+-------+-----
Dodging        | 2 |  2.0
Fighting       | |  0.6
Polearms       | |  0.6
Stealth        | |  1.7
Unarmed Combat | |  0.6
Spellcasting   | |  2.6
Conjurations   | |  1.7
Fire Magic     | |  3.7

Action                   |  1- 3 |  4- 6 || total
-------------------------+-------+-------++-------
Melee: Unarmed           |    27 |       ||    27
       Tailslap          |     4 |     3 ||     7
       Spear             |    25 |     9 ||    34
 Cast: Flame Tongue      |    47 |    17 ||    64
  Use: Potion            |       |     1 ||     1
  Eat: Chunk             |     3 |       ||     3
       Ration            |       |     1 ||     1
Armor: Skin              |    32 |     3 ||    35
Dodge: Dodged            |    82 |    12 ||    94
